 Dungeon Crawl Stone Soup version 0.25.1-1-g288607f5aa (webtiles) character file.

Game seed: 6446603384193741852

170 Descartes the Magician (level 5, -1/28 HPs)
             Began as a Deep Elf Wizard on July 25, 2020.
             Killed from afar by an orc wizard (11 damage)
             ... with a puff of flame
             ... on level 2 of the Dungeon.
             The game lasted 00:04:45 (2380 turns).

Descartes the Magician (Deep Elf Wizard)            Turns: 2380, Time: 00:04:45

Health: -1/28      AC:  2    Str:  4    XL:     5   Next: 26%
Magic:  11/15      EV: 13    Int: 24    God:
Gold:   17         SH:  0    Dex: 13    Spells: 14/15 levels left

rFire    . . .     SeeInvis .   b - +0 hunting sling
rCold    . . .     Gourm    .   (no shield)
rNeg     . . .     Faith    .   g - +0 robe
rPois    .         Spirit   .   h - +0 hat
rElec    .         Reflect  .   (no cloak)
rCorr    .         Harm     .   (no gloves)
MR       .....                  (no boots)
Stlth    +++.......             (no amulet)
HPRegen  0.09/turn              (no ring)
MPRegen  0.14/turn              (no ring)

@: no status effects
A: no striking features
a: no special abilities


You were on level 2 of the Dungeon.
You were not hungry.

You visited 1 branch of the dungeon, and saw 3 of its levels.

You collected 17 gold pieces.

Inventory:

Hand Weapons
 a - a +0 dagger
 b - a +0 hunting sling (weapon)
Missiles
 c - 51 stones (quivered)
 j - 8 boomerangs
Armour
 g - a +0 robe (worn)
 h - a +0 hat (worn)
Wands
 k - a wand of polymorph (12)
Scrolls
 e - 3 scrolls of identify {unknown}
 f - a scroll of remove curse {unknown}
 n - a scroll of fog {unknown}
Potions
 i - a potion of resistance {unknown}
 m - a potion of cancellation {unknown}
Comestibles
 d - 5 rations
 l - 3 chunks of flesh


   Skills:
 - Level 2.4 Dodging
 + Level 4.5 Stealth
 + Level 5.9 Spellcasting
 + Level 3.3 Conjurations
   Level 1.1 Summonings
   Level 1.1 Translocations


You had 14 spell levels left.
You knew the following spells:

 Your Spells              Type           Power        Failure   Level  Hunger
a - Magic Dart            Conj           ###.         1%          1    None

Your spell library contained the following spells:

 Spells                   Type           Power        Failure   Level  Hunger
 Blink                    Tloc           N/A          8%          2    None
 Call Imp                 Summ           ##......     8%          2    None
 Slow                     Hex            #.......     12%         2    None
 Conjure Flame            Conj/Fire      ###.....     12%         3    #......
 Mephitic Cloud           Conj/Pois/Air  ##......     16%         3    #......


Dungeon Overview and Level Annotations

Branches:
Dungeon (3/15)

Altars:


Message History

You can't see any susceptible monsters within range! (Use Z to cast anyway.) Unknown command.
Casting: Magic Dart (safe; 1% risk of failure)
Confirm with . or Enter, or press ? or * to list all spells.
You can't see any susceptible monsters within range! (Use Z to cast anyway.) Unknown command.
Something hits you but does no damage.
You hear some strange, mumbled words.
You are confused.
You're too confused to move!
You bump into the rock wall.
Something hits you but does no damage.
You bump into the rock wall.
Something completely misses you.
Unknown command.
You closely miss something.
You feel less confused. Something hits you.
You hear some strange, mumbled words.
A puff of flame appears from out of thin air!
The puff of flame hits you!
You die...

#.##)#...### #.#.####..
#.##...### ###...###. ####....###
#####..#...## #......##
##..##.####... #......#
#..##..#..###.
#......#############.###.##....##
#.....................#..#..⌠..#.
#......#########....###.##....##.
#......# #@#####...###.....
#......# #.# #.#...####.#
####.### ###{# #.###...#..#
####.###### #...# ##...###...##
...)......####.### #..#...###.#.
.....<.....#...## ##.####...####
)...............# #..#..#.#...#.
.....)......###.####.##....##.##.
.......÷>...# #..##..#..⌠..#..#..


There were no monsters in sight!

Vanquished Creatures
  Natasha (thrice) (D:2)
  Robin (D:2)
  5 adders
  A dart slug (D:2)
  2 orcs
  3 bats
  6 hobgoblins
  3 jackals (D:1)
  5 kobolds
  A quokka (D:2)
  8 goblins (D:2)
  3 rats
41 creatures vanquished.

Notes
Turn   | Place    | Note
-------+----------+-------------------------------------------
     0 | D:1      | Descartes the Deep Elf Wizard began the quest for the Orb.
     0 | D:1      | Reached XP level 1. HP: 10/10 MP: 7/7
   671 | D:2      | Reached XP level 2. HP: 15/15 MP: 4/9
   785 | D:2      | Reached skill level 5 in Spellcasting
   785 | D:2      | Reached XP level 3. HP: 19/19 MP: 5/11
   879 | D:2      | Noticed Robin
   919 | D:2      | Killed Robin
  1580 | D:2      | Reached XP level 4. HP: 24/24 MP: 9/13
  1864 | D:2      | Noticed Natasha
  1868 | D:2      | Killed Natasha
  2006 | D:2      | Noticed Natasha
  2015 | D:2      | Killed Natasha
  2248 | D:2      | Noticed Natasha
  2252 | D:2      | Killed Natasha
  2252 | D:2      | Reached XP level 5. HP: 28/28 MP: 10/15
  2380 | D:2      | Killed from afar by an orc wizard

Illustrated notes

Levels and vault maps discovered:
D:1:      dpeg_arrival_connections, layout_rooms
D:2:      minmay_skewed_foursquare, layout_rooms, chequers_garden, uniq_natasha,
          uniq_robin
D:3:      layout_rooms, lemuel_crystal_altar, chequers_ecumenical_altar_grove

Skill      XL: |  1  2  3  4 |
---------------+-------------+-----
Stealth        | 3 4 |  4.5
Spellcasting   | 5 |  5.9
Conjurations   | 2 3 |  3.3
Dodging        | |  2.4
Summonings     | |  1.1
Translocations | |  1.1

Action                   |  1- 3 |  4- 6 || total
-------------------------+-------+-------++-------
Melee: Hunting sling     |       |     1 ||     1
 Fire: Hunting sling     |    14 |     1 ||    15
 Cast: Magic Dart        |    71 |    44 ||   115
  Eat: Chunk             |     2 |     2 ||     4
Armor: Robe              |     7 |     3 ||    10
Dodge: Dodged            |    28 |     9 ||    37
